AoeStats
← AOKI_Shogi

MegaRandom

510196660Analyzed
4v4 RM · 3d ago on Sep 29, 2026· 16m 11s· 8 players
Game mode
Random Map
Map size
Large (8 player)
Population
200
Speed
Normal
Resources
Standard
Victory
Conquest
Starting age
Dark Age
Ending age
Imperial Age
RankedLock teamsTeams togetherTeam positionsShared explorationLock speedFull tech treeHidden civsTurbo modeCheats
Victory
Defeat
🇲🇦 Burmese · Morocco
1584
+17
🇨🇭 Ethiopians · Switzerland
1464
+22
🇫🇷 Turks · France
1394
+24
🇫🇷 Mapuche · France
1365
+24
🇨🇳 Britons · China
1631
-23
🇺🇾 Sicilians · Uruguay
1625
-23
🇺🇾 Saxons · Uruguay
1563
-21
🇭🇺 Shu · Hungary
1543
-20
DraveczB
7:07 Loom
9:20 Feudal Age
11:26 Double-Bit Axe
11:58 Horse Collar
12:35 Forging
|FMG| Nadie
9:01 Feudal Age
9:47 Double-Bit Axe
10:28 Horse Collar
14:54 Loom
|FMG| twitch/JabsUY
6:51 Loom
9:35 Feudal Age
10:12 Double-Bit Axe
13:57 Fletching
Bz_青红
6:35 Loom
8:51 Feudal Age
9:52 Double-Bit Axe
13:25 Fletching
BehCoY
6:15 Loom
8:44 Feudal Age
13:35 Fletching
16:15 Double-Bit Axe
AOKI_Shogi
8:41 Feudal Age
6:57 Loom
11:44 Fletching
15:37 Padded Archer Armor
Yarcla
6:58 Loom
9:12 Feudal Age
10:06 Double-Bit Axe
Skrillll
6:44 Loom
7:00 Loom
9:15 Feudal Age
13:22 Horse Collar
16:26 Wheelbarrow
Connection lost

Rejoining the realm…

Still unreachable

The connection could not be restored.

Session expired

The server has moved on; the page needs a fresh start.